Map: Acid Plant LE

Players

Snute - Winner!

  • Race: Zerg Zerg
  • Spawn Location: 5:00

Gerald

  • Race: Protoss Protoss
  • Spawn Location: 11:00

Event: WCS Leipzig 2018

VOD

Have the link to the VOD?

Description

Time

  • Played on: Jan. 26, 2018, 7:14 a.m.
  • Length: 7:59

All games in this series

Show
View Real Time Build Order
Export as new Build Order

Snute Zerg - Winner!

Build Orders: Hatch First 

Get SALT Encoding   

  12  0:00  Drone  
  13  0:12  Overlord  
  13  0:17  Drone  
  14  0:30  Drone x2  
  16  0:48  Hatchery  
  15  0:52  Drone  
  15  0:54  Drone  
  17  0:58  Drone  
  17  1:01  Extractor  
  17  1:15  Spawning Pool  
  16  1:19  Drone  
  16  1:21  Drone  
  18  1:27  Drone  
  19  1:38  Overlord  
  19  1:49  Drone  
  20  2:01  Queen  
  20  2:02  Queen  
  20  2:03  Drone  
  20  2:05  Drone  
  26  2:11  Zergling x2  
  26  2:12  Drone  
  28  2:16  Metabolic Boost  
  28  2:22  Drone x2  
  30  2:33  Drone x2  
  32  2:42  Overlord  
  32  2:43  Drone  
  33  2:54  Drone x2  
  35  3:00  Queen  
  35  3:05  Zergling x4  
  38  3:08  Queen  
  38  3:09  Drone x2  
  38  3:10  Drone x2  
  44  3:20  Overlord  
  44  3:23  Spore Crawler  
  44  3:24  Drone  
  44  3:27  Spore Crawler  
  44  3:34  Drone, Hatchery, Overlord  
  44  3:42  Drone x5  
  44  3:43  Drone x3  
  52  3:52  Drone, Roach Warren  
  52  3:53  Drone  
  52  3:54  Drone, Extractor  
  53  3:56  Extractor  
  53  4:01  Overlord  
  52  4:03  Spore Crawler  
  52  4:04  Drone  
  52  4:11  Drone x4  
  52  4:17  Drone x4  
  57  4:21  Lair  
  59  4:24  Overlord  
  59  4:28  Overlord  
  59  4:35  Roach x2  
  63  4:41  Roach, Overlord  
  63  4:42  Roach  
  63  4:45  Roach  
  69  4:47  Roach  
  69  4:52  Roach  
  73  4:55  Roach  
  75  5:02  Roach x5  
  85  5:11  Roach x4  
  93  5:15  Overlord  
  93  5:17  Overlord  
  93  5:21  Spore Crawler  
  93  5:22  Glial Reconstitution  
  93  5:26  Roach  
  93  5:29  Overlord  
  93  5:30  Overlord  
  93  5:35  Roach x2  
  97  5:40  Roach x2  
  101  5:46  Roach x2  
  101  5:49  Roach  
  107  5:55  Roach x2  
  111  6:01  Extractor, Roach  
  111  6:02  Roach x2  
  112  6:17  Zergling x4  
  112  6:18  Zergling x18  
  118  6:26  Roach  
  118  6:27  Roach x3  
  126  6:34  Baneling Nest, Zergling x8  
  129  6:43  Overlord  
  127  7:01  Zergling x20  
  123  7:03  Ravager x2  
  123  7:07  Roach x2  
  136  7:17  Ravager  
  136  7:21  Overlord  
  137  7:29  Zergling x2  
  131  7:30  Zergling x12  
  131  7:32  Overseer  
  131  7:36  Overlord x2  
  137  7:38  Overlord  
  129  7:51  Ravager x3  
  133  7:52  Ravager  
Show
View Real Time Build Order
Export as new Build Order

Gerald Protoss 

Build Orders: 1 Gate Expand, Zealot Archon 

Get SALT Encoding   

  12  0:00  Probe  
  13  0:12  Probe  
  14  0:20  Pylon  
  14  0:25  Probe  
  15  0:38  Probe (Chrono Boost)  
  16  0:45  Gateway  
  16  0:47  Probe (Chrono Boost)  
  17  0:52  Probe  
  17  0:53  Assimilator  
  18  1:04  Probe  
  19  1:16  Probe  
  20  1:26  Nexus  
  20  1:28  Probe  
  21  1:39  Cybernetics Core  
  21  1:42  Probe  
  22  1:48  Assimilator  
  22  1:55  Probe  
  22  1:58  Pylon  
  23  2:14  Adept (Chrono Boost)  
  23  2:16  Probe  
  23  2:21  Twilight Council  
  26  2:24  Warp Gate  
  26  2:28  Probe  
  27  2:32  Stalker (Chrono Boost)  
  29  2:38  Probe  
  29  2:40  Probe  
  31  2:50  Probe  
  32  2:51  Pylon  
  32  2:54  Probe  
  32  3:03  Probe  
  33  3:06  Probe  
  33  3:09  Robotics Facility  
  33  3:10  Adept  
  36  3:14  Charge  
  36  3:15  Probe  
  36  3:18  Probe  
  38  3:30  Probe x2  
  38  3:34  Gateway  
  38  3:35  Shield Battery  
  38  3:42  Adept, Probe x2 (Chrono Boost)  
  42  3:49  Pylon  
  42  3:53  Probe x2 (Chrono Boost)  
  44  3:58  Probe (Chrono Boost)  
  44  4:00  Probe  
  46  4:07  Immortal (Chrono Boost)  
  51  4:11  Pylon  
  51  4:16  Gateway  
  50  4:19  Probe  
  50  4:21  Gateway  
  50  4:22  Gateway  
  49  4:30  Gateway  
  49  4:34  Gateway  
  49  4:37  Gateway  
  49  4:38  Probe  
  49  4:40  Assimilator  
  49  4:43  Warp Prism (Chrono Boost)  
  50  4:47  Probe  
  50  4:50  Sentry  
  50  4:51  Sentry  
  57  4:55  Pylon  
  57  4:58  Pylon  
  57  5:02  Probe, Assimilator  
  57  5:05  Probe  
  57  5:06  Pylon  
  59  5:13  Adept  
  61  5:14  Probe  
  62  5:35  Observer (Chrono Boost), Pylon  
  62  5:49  Nexus  
  62  5:55  Zealot x8  
  78  6:02  Templar Archives  
  78  6:04  Probe  
  73  6:13  Immortal (Chrono Boost)  
  73  6:14  Zealot x2  
  71  6:28  Sentry x2  
  71  6:31  Zealot x4  
  83  6:34  Pylon  
  83  6:40  Sentry  
  83  6:41  Zealot  
  87  6:51  Immortal  
  67  7:02  High Templar x4  
  67  7:03  Zealot  
  67  7:04  Zealot x3  
  77  7:08  Archon x2  
  77  7:10  Probe  
  77  7:16  Forge  
  71  7:29  Zealot  
  71  7:30  Zealot x4  
  73  7:37  Zealot  
  73  7:38  Zealot x2  
  58  7:50  Zealot x4  
Tags
 
Add a new tag
Caveats
  • Supply blocks, unpowered buildings, or Contaminate may cause inaccurate times.
  • Supply counts are checked every 10 seconds.